AoeStats
← GGisk

Arena

504582019Analyzed
2v2 RM · 27d ago on Sep 5, 2026· 48m 48s· 4 players
Game mode
Random Map
Map size
Medium (4 player)
Population
200
Speed
Normal
Resources
Standard
Victory
Conquest
Starting age
Dark Age
Ending age
Imperial Age
RankedLock teamsTeams togetherTeam positionsShared explorationLock speedFull tech treeHidden civsTurbo modeCheats
Victory
Defeat
🇬🇧 Bohemians · United Kingdom
883
+14
🇭🇰 Koreans · Hong Kong SAR China
879
+15
🇦🇷 Khmer · Argentina
870
-15
🇦🇷 Spanish · Argentina
827
-14
GGisk
12:15 Feudal Age
15:40 Castle Age
13:58 Double-Bit Axe
14:08 Horse Collar
16:04 Loom
17:49 Bow Saw
18:15 Scale Barding Armor
18:19 Heavy Plow
21:59 Wheelbarrow
24:17 Scale Barding Armor
24:23 Stone Mining
27:28 Hand Cart
28:51 Caravan
28:56 Town Watch
29:19 Husbandry
29:16 Gold Mining
33:21 Town Patrol
34:08 Stone Shaft Mining
33:58 Chain Barding Armor
33:52 Bloodlines
34:16 Forging
36:36 Iron Casting
40:26 Imperial Age
44:17 Plate Barding Armor
45:44 Cavalier
AA | Pibeee
9:27 Loom
11:12 Feudal Age
14:55 Castle Age
13:46 Double-Bit Axe
21:35 Husbandry
21:46 Bloodlines
25:04 Horse Collar
31:16 Stone Mining
31:20 Gold Mining
34:52 Gold Shaft Mining
35:28 Scale Barding Armor
35:34 Forging
42:43 Imperial Age
41:26 Chain Barding Armor
41:42 Iron Casting
43:35 Bow Saw
44:00 Ballistics
46:03 Chemistry
45:08 Cavalier
ming030890
5:16 Loom
11:50 Feudal Age
12:28 Horse Collar
16:52 Castle Age
14:49 Double-Bit Axe
18:05 Bow Saw
19:54 Heavy Plow
19:51 Town Watch
20:50 Fervor
22:58 Wheelbarrow
26:12 Fletching
26:22 Padded Archer Armor
27:05 Elite Skirmisher
28:55 Chemistry
29:03 Leather Archer Armor
29:15 Scale Mail Armor
33:48 Imperial Age
31:36 Hand Cart
30:50 Pikeman
32:24 Bodkin Arrow
37:08 Ring Archer Armor
38:09 Two-Man Saw
39:17 Masonry
39:35 Bracer
39:59 Siege Engineers
39:48 Halberdier
40:45 Chain Mail Armor
40:41 Forging
43:24 Architecture
43:05 Fortified Wall
44:35 Conscription
43:48 Sappers
45:10 Plate Mail Armor
45:15 Iron Casting
46:51 Hussite Reforms
48:11 Blast Furnace
48:52 Wagenburg Tactics
48:17 Houfnice
cherripunji
0:26 Loom
10:53 Feudal Age
16:12 Castle Age
14:42 Double-Bit Axe
15:12 Gold Mining
23:10 Elite Skirmisher
31:23 Horse Collar
31:35 Fletching
35:54 Imperial Age
33:54 Bodkin Arrow
35:35 Pikeman
36:29 Scale Barding Armor
36:42 Squires
37:02 Husbandry
40:05 Light Cavalry
42:47 Forging
43:04 Conscription
45:18 Chain Barding Armor
45:33 Iron Casting
Connection lost

Rejoining the realm…

Still unreachable

The connection could not be restored.

Session expired

The server has moved on; the page needs a fresh start.